 Dungeon Crawl Stone Soup version 0.16-a0-3655-g786489f (console) character file.

578 rubenson the Covert (level 7, -6/35 HPs)
             Began as a Spriggan Assassin on Jan 16, 2015.
             Shot with an arrow of dispersal by a centaur (7 damage)
             ... on level 4 of the Dungeon.
             The game lasted 00:57:11 (4654 turns).

rubenson the Covert (Spriggan Assassin)             Turns: 4654, Time: 00:57:11

Health: -6/35      AC:  5    Str: 12    XL:     7   Next: 13%
Magic:  14/14      EV: 22    Int: 13    God:
Gold:   180        SH:  0    Dex: 19    Spells: 0 memorised, 6 levels left

rFire  + + .     SeeInvis +     b - +0 blowgun
rCold  + . .     Clarity  .     y - +2 robe {rF+}
rNeg   . . .     SustAb   .     (shield restricted)
rPois  +         Gourm    .     (helmet restricted)
rElec  +         Spirit   .     d - +0 cloak
rCorr  +         Warding  .     (gloves unavailable)
rMut   .         Stasis   .     (boots unavailable)
MR     +....                    (no amulet)
Stlth  +++++.....               (no ring)
                                (no ring)

@: mighty, resistant, very quick, somewhat resistant to hostile enchantments,
quite stealthy
A: unfitting armour, see invisible, herbivore 3, speed 3, slow metabolism 2
a: no special abilities


You were on level 4 of the Dungeon.
You were full.

You visited 1 branch of the dungeon, and saw 4 of its levels.

You collected 180 gold pieces.

Inventory:

Hand weapons
 a - a +3 dagger
 b - a +0 blowgun (weapon)
 q - a +1 spear of distortion
 C - a +0 flail of protection
Missiles
 e - 24 poisoned needles (quivered)
 f - 2 curare-tipped needles
 u - a tomahawk of returning
Armour
 d - a +0 cloak (worn)
 x - a +1 pair of gloves
 y - a +2 robe of fire resistance (worn)
 B - a cursed +0 leather armour
Magical staves
 A - an uncursed staff of cold {unknown}
Magical devices
 w - a wand of magic darts (28)
Scrolls
 c - a scroll of recharging {unknown}
 h - 3 scrolls of remove curse
 l - a scroll of teleportation {unknown}
 m - 6 scrolls of identify
 p - a scroll of random uselessness
 v - a scroll of enchant armour
Potions
 i - a potion of brilliance {unknown}
 j - a potion of haste
 k - 3 potions of curing
 o - a potion of magic
 r - 2 potions of might
Comestibles
 g - 3 bread rations
 n - 6 fruits


   Skills:
 + Level 2.1 Fighting
 + Level 3.5 Short Blades
 + Level 4.0 Throwing
 + Level 5.9 Dodging
 + Level 9.3 Stealth


You had 6 spell levels left.
You didn't know any spells.

Dungeon Overview and Level Annotations

Branches:
Dungeon (4/15)
 Temple: D:4-7

Altars:
Fedhas
Kikubaaqudgha
Sif Muna


Innate Abilities, Weirdness & Mutations

You are tiny and cannot use many weapons and most armour.
You have supernaturally acute eyesight.
You are a herbivore.
You cover ground extremely quickly.
You need consume almost no food.


Message History

You feel better.
The centaur shoots an arrow of dispersal.
The arrow of dispersal hits you!
You blink.
Drink which item? (? for menu, Esc to quit)
It was a potion of might.
You feel very mighty all of a sudden.
Firing (i - inventory. (,) - cycle):
e - 25 poisoned needles (quivered)
Press: ? - help, Shift-Dir - straight line, f/p - centaur
Aim: a centaur, wielding a shortbow (moderately wounded, poisoned)
You shoot a poisoned needle. The poisoned needle hits the centaur!
The centaur looks even sicker.
The centaur is moderately wounded.
The centaur shoots an arrow of dispersal.
The arrow of dispersal hits you!
* * * LOW HITPOINT WARNING * * *
You blink.
The centaur shoots an arrow of dispersal.
The arrow of dispersal barely misses you.
The centaur shoots an arrow of dispersal.
The arrow of dispersal hits you!
You die...

###...#....# ........#...
#..†#....# ........#...
#...#....# ........#...
#...#....#######............
#.................#####...##
#.....##..........# #...#
###...##......†...# #...##
##...##.........(# #.....
..............#### ##....
..#..........#########....
.#[.....@....c....c(.....
###########..........###
#.....†....# #.†.)......#
#..........# #..........#
#..........# #..........#
#..........# ############


You could see a centaur.

Vanquished Creatures
  An ogre (D:4)
  Sigmund (D:3)
  2 scorpions
  A water moccasin skeleton (D:4)
  A crimson imp (D:4)
  An orc priest (D:4)
  A giant frog skeleton (D:4)
  A giant mite (D:1)
  6 adders
  3 worms
  An ooze (D:3)
  5 orcs (D:4)
  9 bats
  5 giant cockroaches
  12 hobgoblins
  9 kobolds
  A quokka (D:3)
  A ball python (D:4)
  A giant gecko (D:3)
  10 giant newts
  12 goblins
  5 jackals
  A jackal skeleton (D:4)
  10 rats
100 creatures vanquished.

Notes
Turn   | Place    | Note
--------------------------------------------------------------
     0 | D:1      | rubenson, the Spriggan Assassin, began the quest for the Orb.
     0 | D:1      | Reached XP level 1. HP: 10/10 MP: 2/2
    26 | D:1      | Reached skill level 6 in Stealth
   282 | D:1      | Reached XP level 2. HP: 14/14 MP: 4/4
   756 | D:1      | Reached skill level 7 in Stealth
   756 | D:1      | Reached XP level 3. HP: 14/18 MP: 6/6
  1773 | D:2      | Reached XP level 4. HP: 22/22 MP: 8/8
  2269 | D:2      | Found a deep blue altar of Sif Muna.
  2747 | D:3      | Noticed Sigmund
  2788 | D:3      | Killed Sigmund
  2788 | D:3      | Reached XP level 5. HP: 2/26 MP: 10/10
  3206 | D:3      | Reached skill level 8 in Stealth
  3343 | D:3      | Reached XP level 6. HP: 17/30 MP: 12/12
  3916 | D:4      | Found an ancient bone altar of Kikubaaqudgha.
  4042 | D:4      | Reached skill level 5 in Dodging
  4288 | D:4      | Reached skill level 9 in Stealth
  4373 | D:4      | Reached XP level 7. HP: 35/35 MP: 14/14
  4606 | D:4      | Found a blossoming altar of Fedhas.
  4652 | D:4      | HP: 1/35 [centaur/arrow of dispersal (12)]
  4654 | D:4      | Shot with an arrow of dispersal by a centaur

Action                   |  1- 3 |  4- 6 |  7- 9 || total
-------------------------+-------+-------+-------++-------
Melee: Dagger            |    76 |   151 |    36 ||   263
 Fire: Blowgun           |    17 |    34 |     5 ||    56
Throw: Tomahawk          |       |     2 |    16 ||    18
  Use: Scroll            |     3 |     4 |       ||     7
       Potion            |       |     2 |     4 ||     6
 Stab: Sleeping          |    13 |    20 |       ||    33
       Distracted        |       |     2 |       ||     2
       Invisible         |       |     1 |       ||     1
  Eat: Bread ration      |       |     1 |       ||     1
